Map: Magannatha LE

Players

mal

  • Race: Protoss Protoss
  • League: Silver
  • Spawn Location: 11:00

Sindyr - Winner!

  • Race: Protoss Protoss
  • League: Master
  • Spawn Location: 5:00

VOD

Have the link to the VOD?

Description

Time

  • Played on: Sept. 21, 2025, 5:48 p.m.
  • Length: 18:20
Show
View Real Time Build Order
Export as new Build Order

mal Protoss 

Build Orders:  

Get SALT Encoding   

  12  0:14  Probe  
  13  0:22  Probe  
  14  0:30  Pylon  
  14  0:32  Probe  
  15  0:53  Gateway  
  15  0:55  Gateway  
  15  1:02  Assimilator, Probe  
  15  1:10  Probe  
  17  1:20  Probe  
  18  1:31  Gateway  
  18  1:33  Pylon  
  18  1:36  Assimilator  
  18  1:41  Zealot  
  18  1:42  Zealot  
  22  1:55  Cybernetics Core  
  22  1:56  Probe  
  23  2:08  Probe  
  24  2:13  Zealot, Warp Gate  
  24  2:14  Zealot  
  28  2:20  Probe  
  28  2:22  Zealot  
  31  2:38  Pylon  
  31  2:57  Probe  
  32  2:59  Gateway  
  32  3:01  Zealot x2  
  36  3:14  Twilight Council  
  36  3:41  Stargate  
  36  3:44  Pylon  
  36  3:45  Charge  
  36  3:51  Forge, Zealot  
  38  4:24  Zealot x2  
  40  4:25  Zealot  
  40  4:30  Protoss Ground Weapons Level 1  
  44  4:40  Fleet Beacon  
  44  4:46  Zealot  
  46  4:58  Pylon  
  46  5:15  Stargate  
  46  5:17  Zealot  
  46  5:18  Zealot  
  50  5:24  Tempest  
  54  5:56  Pylon  
  54  6:05  Nexus  
  54  6:11  Tempest  
  58  6:39  Tempest  
  62  7:09  Assimilator  
  62  7:20  Probe  
  62  7:24  Photon Cannon  
  62  7:25  Photon Cannon  
  62  7:28  Probe  
  64  7:37  Probe  
  65  7:47  Robotics Facility, Protoss Ground Weapons Level 2  
  65  7:51  Probe  
  66  8:03  Probe  
  66  8:04  Zealot x2  
  72  8:16  Probe  
  72  8:19  Unknown  
  72  8:27  Assimilator  
  72  8:29  Zealot x3  
  78  8:47  Pylon  
  78  8:56  Pylon  
  78  9:03  Pylon  
  78  9:05  Observer, Tempest  
  83  9:10  Gateway  
  83  9:16  Probe  
  83  9:18  Pylon  
  84  9:24  Probe  
  85  9:33  Observer  
  85  9:34  Probe  
  85  9:36  Tempest  
  91  9:55  Tempest  
  95  10:20  Zealot x4  
  95  10:21  Zealot  
  105  10:43  Stalker  
  105  10:44  Stalker  
  109  10:52  Pylon  
  109  10:55  Pylon  
  109  11:10  Tempest  
  112  11:36  Stalker  
  112  11:37  Stalker x2  
  112  11:38  Stalker  
  112  11:39  Stalker  
  122  11:46  Tempest  
  126  11:53  Stargate  
  126  11:56  Pylon  
  126  12:09  Pylon  
  126  12:12  Pylon  
  126  12:14  Probe  
  127  12:24  Observer  
  127  12:27  Probe  
  127  12:29  Stalker  
  131  12:30  Stalker x2  
  135  12:39  Probe  
  136  12:57  Stalker x2  
  136  12:58  Stalker  
  141  13:04  Stalker  
  143  13:14  Observer  
  144  13:31  Nexus  
  21  16:02  Probe  
  6  16:14  Probe  
  7  16:36  Nexus  
  7  17:15  Nexus  
  7  17:23  Probe  
  8  17:31  Probe  
  8  17:38  Pylon  
Show
View Real Time Build Order
Export as new Build Order

Sindyr Protoss - Winner!

Build Orders: 1 Gate Expand, Zealot Archon 

Get SALT Encoding   

  12  0:03  Probe  
  13  0:15  Probe  
  14  0:21  Pylon  
  14  0:28  Probe  
  15  0:40  Probe  
  15  0:41  Gateway  
  16  0:49  Probe  
  16  0:51  Assimilator  
  17  0:57  Probe  
  18  1:06  Probe  
  19  1:18  Probe  
  20  1:30  Nexus  
  20  1:36  Probe  
  21  1:45  Assimilator  
  21  1:48  Probe  
  22  1:54  Cybernetics Core  
  22  2:00  Probe  
  23  2:05  Pylon  
  23  2:23  Probe  
  24  2:33  Shield Battery  
  24  2:35  Probe  
  25  2:41  Robotics Facility  
  25  2:45  Probe  
  25  2:47  Probe  
  27  2:56  Probe  
  27  2:57  Warp Gate  
  28  2:59  Probe  
  28  3:03  Gateway  
  28  3:04  Probe  
  29  3:10  Probe  
  29  3:12  Probe  
  31  3:18  Probe  
  32  3:24  Probe  
  32  3:26  Probe  
  34  3:29  Observer  
  36  3:36  Probe  
  36  3:38  Probe  
  38  3:48  Probe  
  39  3:50  Probe  
  39  3:51  Forge  
  40  3:57  Twilight Council  
  40  4:00  Probe  
  40  4:02  Probe  
  42  4:05  Assimilator  
  42  4:06  Assimilator  
  42  4:12  Probe  
  42  4:14  Probe  
  44  4:23  Protoss Ground Weapons Level 1  
  44  4:24  Probe  
  44  4:26  Probe  
  46  4:33  Charge  
  46  4:45  Pylon  
  46  4:48  Pylon  
  46  5:03  Observer, Probe x2  
  49  5:14  Gateway  
  49  5:15  Probe x2  
  49  5:16  Gateway  
  49  5:18  Gateway  
  49  5:19  Gateway  
  51  5:22  Gateway  
  51  5:23  Gateway  
  51  5:26  Gateway  
  51  5:27  Observer  
  52  5:29  Templar Archives  
  52  5:42  Nexus  
  52  6:04  Robotics Bay  
  52  6:09  Pylon  
  52  6:11  Pylon  
  52  6:20  High Templar x2  
  52  6:21  High Templar x3  
  62  6:29  Zealot x4  
  62  6:32  Archon x2  
  70  6:37  Immortal  
  74  6:52  Protoss Ground Weapons Level 2  
  74  6:55  Probe x2  
  74  6:56  Probe  
  77  7:04  High Templar  
  77  7:05  High Templar x2  
  77  7:07  Probe  
  77  7:08  Probe x2  
  86  7:11  Archon x2  
  86  7:15  Zealot x3  
  90  7:21  Pylon  
  92  7:24  Pylon  
  92  7:26  Assimilator  
  92  7:27  Extended Thermal Lance, Pylon  
  92  7:29  Assimilator  
  92  7:30  Pylon  
  92  7:39  Colossus  
  98  7:50  Pylon  
  98  8:05  Probe  
  99  8:25  High Templar  
  99  8:26  High Templar x2  
  105  8:30  Photon Cannon  
  105  8:31  Photon Cannon  
  105  8:32  Colossus, Archon  
  105  8:34  Photon Cannon  
  111  8:37  High Templar  
  113  8:49  Archon  
  113  9:05  Robotics Facility  
  113  9:06  Robotics Facility  
  113  9:13  Protoss Ground Armor Level 1  
  113  9:18  Forge  
  113  9:22  Probe x3, Forge  
  115  9:33  Protoss Ground Weapons Level 3  
  115  9:34  Probe x3  
  118  9:44  Protoss Shields Level 1  
  118  9:46  Probe x3  
  121  9:58  Colossus, Probe x2  
  128  10:24  Nexus  
  128  10:26  High Templar x2  
  132  10:37  Pylon  
  132  10:39  Pylon  
  132  10:40  Pylon  
  132  10:48  Protoss Ground Armor Level 2  
  132  10:51  Pylon  
  132  10:55  Colossus, Pylon  
  132  10:56  Colossus  
  144  10:57  Pylon  
  144  11:03  Archon  
  144  11:21  Blink  
  144  11:23  Stalker x6  
  144  11:24  Stalker x3  
  162  11:26  Protoss Shields Level 2  
  162  11:36  Observer  
  163  11:49  Immortal  
  163  11:50  Immortal  
  171  11:57  Photon Cannon x3, Stalker  
  171  11:58  Stalker x3  
  171  11:59  Stalker x5, Photon Cannon  
  189  12:09  Assimilator  
  189  12:13  Assimilator  
  189  12:28  Warp Prism  
  191  12:52  High Templar x2  
  195  13:02  Pylon  
  195  13:04  Pylon  
  195  13:23  Gateway  
  195  13:25  Gateway  
  195  13:28  Gateway  
  195  13:35  Gateway  
  195  13:38  Gateway  
  189  13:56  Stalker x8  
  189  14:01  Stalker  
  189  14:16  Pylon  
  189  14:17  Pylon  
  189  14:19  Photon Cannon  
  189  14:21  Pylon  
  189  14:22  Photon Cannon x2  
  189  14:23  Photon Cannon x2  
  187  14:28  Photon Cannon  
  185  14:37  Stargate  
  177  14:44  Dark Shrine  
  167  14:57  Pylon x2  
  156  15:06  Pylon  
  147  15:49  Gateway  
  147  15:50  Gateway  
  147  15:53  Gateway  
  140  16:32  Pylon  
  140  16:33  Pylon, Archon  
  140  16:35  Pylon  
  140  16:36  Pylon x2  
  140  17:08  Cybernetics Core  
  138  17:21  Nexus  
  138  17:33  Pylon  
  138  17:37  Nexus  
  138  17:39  Pylon  
  138  17:45  Pylon  
  138  17:49  Pylon  
  138  17:54  Nexus  
  138  18:09  Stalker x6  
  138  18:10  Stalker  
  152  18:16  Pylon  
  152  18:17  Pylon x2  
Tags
 
Composition
Zealot Archon
Matchup
PvP
Replay Pack
Multiplayer
Spawn Locations
Cross Positions
Add a new tag
Caveats
  • Supply blocks, unpowered buildings, or Contaminate may cause inaccurate times.
  • Supply counts are checked every 10 seconds.